Cogmind - Beta 14 @@@ ROGUE MODE // 2025.01.03 @ 01:46:31 Player: nado Result: Destroyed by 8R-AWN with 8R-AWN's Boregun Performance ------------- Evolutions (1) 500 Regions Visited (5) 1000 Robots Destroyed (86) 430 Value Destroyed (1979) 1979 Prototype IDs (5) 100 Alien Tech Used (0) 0 Bonus (75) 75 TOTAL SCORE: 4084 Bonus ------- Follower Combat Kills 75 Cogmind --------- Core Integrity 0/400 Matter 270/300 Energy 100/100 System Corruption 6% Temperature Cool (0) Movement Core (1350) Ox26 Location -9/Exiles Parts ------- > --- POWER (1) -------- (None) > --- PROPULSION (3) --- (None) > --- UTILITY (3) ------ Huge Storage Unit > --- WEAPON (2) ------- Mini Grenade Launcher > --- INVENTORY (25) --- Light Deuterium Engine Light Deuterium Engine Light Deuterium Engine Carbon-fiber Leg Carbon-fiber Leg Cryofiber Web Large Storage Unit Sensor Array Improved Signal Interpreter Particle Charger ECM Suite ECM Suite Reactive Plating Hardlight Generator Spread Laser Spread Laser Spread Laser Spread Laser Mini Grenade Launcher Heavy Flail Peak State ------------ > --- POWER ------------ Light Deuterium Engine > --- PROPULSION ------- Armored Treads Advanced Treads Advanced Treads > --- UTILITY ---------- Cooling System Huge Storage Unit Reactive Plating > --- WEAPON ----------- Beam Rifle Beam Rifle > --- INVENTORY -------- Improved Ion Engine Light Deuterium Engine Light Deuterium Engine Light Deuterium Engine Light Nuclear Core Advanced Treads Advanced Treads Carbon-fiber Leg Carbon-fiber Leg Cryofiber Web Large Storage Unit Sensor Array Improved Signal Interpreter Particle Charger ECM Suite Reactive Plating Spread Laser Spread Laser Spread Laser Spread Laser Mini Grenade Launcher Mini Grenade Launcher Mini Grenade Launcher Mini Grenade Launcher Heavy Flail [Rating: 28] Favorites ----------- Power Ion Engine Engine Ion Engine Power Core Light Nuclear Core Propulsion Light Treads Treads Light Treads Utility Huge Storage Unit Device Cooling System Storage Huge Storage Unit Processor Signal Interpreter Protection Reactive Plating Weapon Light Cannon Energy Gun Beam Rifle Ballistic Gun Heavy Assault Rifle Ballistic Cannon Light Cannon Launcher Mini Grenade Launcher Build | -11 -10 -10 -9 -9 -9 ------- Run | Yrd Mat Min Mat Min Exi Slots Evolved 2 | . . . 2 . . Power . | . . . . . . Propulsion 1 | . . . 1 . . Utility 1 | . . . 1 . . Weapon . | . . . . . . Parts Attached 54 | 6 5 6 30 2 5 Power 6 | 1 . . 4 . 1 Engine 5 | 1 . . 4 . . Core 1 | . . . . . 1 Reactor . | . . . . . . Propulsion 23 | 2 1 3 15 . 2 Treads 23 | 2 1 3 15 . 2 Leg . | . . . . . . Wheel . | . . . . . . Hover . | . . . . . . Flight . | . . . . . . Utility 11 | 1 2 1 7 . . Device 3 | . 1 . 2 . . Storage 2 | 1 1 . . . . Processor 1 | . . 1 . . . Hackware . | . . . . . . Protection 5 | . . . 5 . . Artifact . | . . . . . . Weapon 14 | 2 2 2 4 2 2 Energy Gun 6 | 2 . . 3 1 . Energy Cannon . | . . . . . . Ballistic Gun 1 | . . . 1 . . Ballistic Cannon 3 | . 2 1 . . . Launcher 4 | . . 1 . 1 2 Special Weapon . | . . . . . . Impact Weapon . | . . . . . . Slashing Weapon . | . . . . . . Piercing Weapon . | . . . . . . Special Melee Weapon . | . . . . . . Unidentified Prototypes . | . . . . . . Parts Lost 20 | . . 1 8 1 10 Power 3 | . . . 1 1 1 Propulsion 5 | . . 1 . . 4 Utility 6 | . . . 4 . 2 Weapon 6 | . . . 3 . 3 Highest Loss Streak 10 | . . 1 2 1 10 To Critical Strikes 4 | . . . . . 4 Average Slot Usage (%) 98 | . 98 99 98 99 77 Engine 12 | . 14 14 10 10 . Treads 30 | . 27 27 32 33 27 Device 8 | . 12 4 5 11 10 Storage 12 | . 14 14 11 11 11 Processor 4 | . . 9 5 . . Protection 5 | . . . 10 11 7 Energy Gun 8 | . 5 . 12 21 12 Ballistic Gun 1 | . . . 5 . . Ballistic Cannon 13 | . 22 27 3 . . Peak Build Rating 28 | 6 10 11 28 28 26 Average Rating 15 | 4 8 10 19 27 21 On Entrance 13 | . 6 10 11 28 25 Naked Turns . | . . . . . . Heaviest Build 103 | 13 92 92 103 103 99 Greatest Support 67 | 40 40 40 67 60 64 Greatest Overweight (x) 26 | 1 2 2 2 1 26 Average Overweight (x) 1 | . . 2 1 1 1 Largest Inventory Capacity 25 | 8 25 25 25 25 25 Average Capacity 22 | 7 17 25 25 25 25 Most Carried 25 | 1 20 25 25 25 25 Average Carried 20 | . 11 22 24 24 23 Final Capacity 25 | 8 25 25 25 25 25 Final Carried 25 | 1 20 25 25 25 20 Class Distribution -------------------- 82% | Mutant 17% | Scavenger-Mutant Dominant Class ---------------- Mutant | -10/Materials Mutant | -10/Mines Scavenger-Mutant | -9/Materials Mutant | -9/Mines Mutant | -9/Exiles Resources | -11 -10 -10 -9 -9 -9 ----------- Run | Yrd Mat Min Mat Min Exi Matter Collected 1469 | 260 260 233 572 144 . Remotely . | . . . . . . Salvage Created 2613 | . 671 160 1293 450 39 Parts 165 | . 38 8 76 43 . Haulers Intercepted 5 | . 2 . 3 . . Recyclers Shooed 3 | . . . 2 1 . Parts Field Recycled . | . . . . . . Retrieved Matter . | . . . . . . Parts Self-Destructed . | . . . . . . Prevented . | . . . . . . Kills | -11 -10 -10 -9 -9 -9 ------- Run | Yrd Mat Min Mat Min Exi Combat Hostiles Destroyed 73 | . 14 8 27 17 7 Guns 38 | . 3 . 24 11 . Cannons 19 | . 11 5 3 . . AOE 15 | . . 3 . 5 7 Classes Destroyed 12 | . 7 . 4 . 1 Worker 2 | . 1 . 1 . . Builder 2 | . 1 . 1 . . Tunneler 3 | . 1 . . 2 . Hauler 5 | . 2 . 3 . . Recycler 4 | . 4 . . . . Operator 2 | . . . 2 . . Watcher 2 | . . . 2 . . Swarmer 24 | . 6 3 5 10 . Grunt 31 | . 8 5 14 4 . Brawler 4 | . . . 1 3 . Sentry 7 | . . . 7 . . Assembled 7 | . . . . . 7 Best Kill Streak 7 | . 3 3 5 4 7 Combat Bots Only 7 | . 3 3 5 4 7 Max Kills in Single Turn 6 | . 2 2 1 3 6 Gunslinging . | . . . . . . Exploded 6 | . . 2 . 3 6 Melee . | . . . . . . Uniques/NPCs Destroyed . | . . . . . . Combat | -11 -10 -10 -9 -9 -9 -------- Run | Yrd Mat Min Mat Min Exi Hostile Shots Fired 382 | . 48 30 141 40 123 Missed 106 | . 12 12 36 11 35 Damage Taken 3792 | . 458 251 1366 324 1393 Core 523 | . 86 30 123 27 257 Absorbed by Shields . | . . . . . . Ignored by Resistances 238 | . . . 25 46 167 Regen/Repaired (Parts) 104 | . 104 . . . . Core Remaining (%) 76 | 100 . 53 . . . Volleys Fired 182 | . 42 20 86 29 5 Largest 2 | . 2 2 2 2 2 Hottest 131 | . 80 70 131 112 60 Shots Fired 356 | . 84 38 172 51 11 Gun 218 | . 28 . 144 45 1 Cannon 120 | . 56 36 28 . . Launcher 18 | . . 2 . 6 10 Special . | . . . . . . Kinetic 167 | . 56 36 75 . . Thermal 157 | . 14 . 97 45 1 Explosive 18 | . . 2 . 6 10 Electromagnetic 14 | . 14 . . . . Robot Hit Streak 13 | . 9 12 13 8 7 Robot Miss Streak 4 | . 3 4 4 2 1 Penetration Max . | . . . . . . Secondary Targets 5 | . . . 3 2 . Max Gunslinging Chain 1 | . . . 1 1 . Shots Hit Robots 223 | . 49 24 115 28 7 Core Hits 117 | . 28 11 46 18 14 Critical Kills 1 | . . . 1 . . Critical Parts Destroyed . | . . . . . . Critical Strikes 17 | . 3 1 9 4 . Burn 11 | . . . 7 4 . Destroy 1 | . . . 1 . . Blast 5 | . 3 1 1 . . Melee Attacks . | . . . . . . Impact . | . . . . . . Slashing . | . . . . . . Piercing . | . . . . . . Sneak Attacks . | . . . . . . Combat Hostiles . | . . . . . . Follow-up Attacks . | . . . . . . Damage Inflicted 4954 | . 949 682 2113 753 457 Guns 2318 | . 222 . 1729 367 . Cannons 1306 | . 565 453 288 . . Explosions 1022 | . 150 201 . 293 378 Melee . | . . . . . . Ramming 308 | . 12 28 96 93 79 Kinetic 1759 | . 565 453 741 . . Thermal 1869 | . 226 . 1276 367 . Explosive 872 | . . 201 . 293 378 Electromagnetic 146 | . 146 . . . . Impact . | . . . . . . Slashing . | . . . . . . Piercing . | . . . . . . Highest Corruption 6 | . . . 6 6 6 Average Corruption 5 | . . . 4 6 6 Corruption Purged . | . . . . . . Corruption Blocked . | . . . . . . Effects 77 | . . . 43 29 5 Message Errors 18 | . . . 12 5 1 Matter Fused 19 | . . . 10 9 . Heat Flow Errors 7 | . . . 4 2 1 Energy Discharges 6 | . . . 4 2 . Parts Rejected 1 | . . . . . 1 Parts Fused 1 | . . . . 1 . Data Loss (minor) 11 | . . . 7 4 . Data Loss (major) 6 | . . . 2 3 1 Misfires 4 | . . . 3 . 1 Alerts 2 | . . . . 2 . Weapon Failures 2 | . . . 1 1 . Overload Shots . | . . . . . . Overflow Damage 33 | . 19 1 9 4 . Projectiles 10 | . 10 . . . . Explosions 11 | . 9 1 . 1 . Melee 12 | . . . 9 3 . Knockbacks 18 | . 4 10 3 1 . Impact 1 | . . . . 1 . Kinetic 16 | . 3 10 3 . . Secondary 1 | . 1 . . . . Self-Inflicted Damage 218 | . 80 . . 94 44 Shots 6 | . 2 . . 3 1 Rammed 42 | . 3 3 8 7 21 Targets Rammed 45 | . 4 3 10 7 21 Kicked . | . . . . . . Crushed 3 | . 1 . 2 . . Highest Temperature 453 | . 66 99 453 161 247 Average Temperature 69 | . 20 37 80 35 109 Received Heat Transfer 738 | . 147 129 438 24 . Effects 2 | . . . 2 . . Shutdowns 1 | . . . 1 . . Damage (minor) 1 | . . . 1 . . Siege Activations . | . . . . . . Robots Corrupted 2 | . . . 1 1 . Combat Hostiles . | . . . . . . Parts Fried 2 | . . . 2 . . Impact Corruptions 3 | . . . 1 2 . Robots Melted 1 | . . . . 1 . Combat Hostiles 1 | . . . . 1 . Parts Melted 7 | . . . 5 2 . Heat Transferred 4580 | . 325 . 3034 1221 . Parts Sabotaged . | . . . . . . Parts Stolen . | . . . . . . Parts Stripped . | . . . . . . Power Chain Reactions 2 | . 2 . . . . Alert | -11 -10 -10 -9 -9 -9 ------- Run | Yrd Mat Min Mat Min Exi Peak Influence 359 | . 140 152 359 356 . Initial 126 | . . 19 . 126 . Average 96 | . 60 41 132 182 . Maximum Alert Level 1 | . . . 1 1 . Low Security (%) 85 | 100 100 100 71 68 . Level 1 14 | . . . 28 31 . Level 2 . | . . . . . . Level 3 . | . . . . . . Level 4 . | . . . . . . Level 5 . | . . . . . . High Security . | . . . . . . Max Security . | . . . . . . Squads Dispatched 12 | . 5 2 5 . . Investigation 7 | . 3 1 3 . . Extermination . | . . . . . . Reinforcement 4 | . 2 . 2 . . Assault 1 | . . 1 . . . Garrison . | . . . . . . Intercept . | . . . . . . Searches Triggered . | . . . . . . Construction Impeded . | . . . . . . Haulers Reinforced . | . . . . . . Active Scanning Responses . | . . . . . . Cargo Convoy Interrupts . | . . . . . . Stealth | -11 -10 -10 -9 -9 -9 --------- Run | Yrd Mat Min Mat Min Exi Distress Signals 4 | . 1 . 3 . . Communications Jammed . | . . . . . . Distress Signals . | . . . . . . Times Spotted 117 | . 29 13 46 21 8 Peak Tracking Total 9 | . 5 4 7 5 9 Tactical Retreats 6 | . . . 3 3 . Traps | -11 -10 -10 -9 -9 -9 ------- Run | Yrd Mat Min Mat Min Exi Traps Triggered 3 | . 2 . 1 . . Indirectly . | . . . . . . Trap Hack Attempts . | . . . . . . Triggered . | . . . . . . Disarmed . | . . . . . . Reprogrammed . | . . . . . . Reused . | . . . . . . Traps Extracted . | . . . . . . Installed . | . . . . . . Triggered . | . . . . . . Machines | -11 -10 -10 -9 -9 -9 ---------- Run | Yrd Mat Min Mat Min Exi Machines Disabled 6 | . 1 . 1 2 2 Max in Single Turn 2 | . 1 . 1 1 2 Machines Repaired . | . . . . . . Machines Dismantled . | . . . . . . Machines Sabotaged . | . . . . . . Overloaded Fab Kills . | . . . . . . Hacking | -11 -10 -10 -9 -9 -9 --------- Run | Yrd Mat Min Mat Min Exi Machines Accessed 16 | . 6 1 8 1 . Terminals 13 | . 5 . 7 1 . Fabricators . | . . . . . . Repair Stations 1 | . 1 . . . . Recycling Units . | . . . . . . Scanalyzers 1 | . . . 1 . . Garrison Access . | . . . . . . Total Hacks 42 | . 16 1 23 2 . Successful 25 | . 11 1 12 1 . Failed 16 | . 4 . 11 1 . Catastrophic 5 | . . . 4 1 . Database Lockouts 1 | . 1 . . . . Manual 21 | . 8 . 13 . . Terminals 34 | . 11 . 21 2 . Fabricators . | . . . . . . Repair Stations 5 | . 5 . . . . Recycling Units . | . . . . . . Scanalyzers 2 | . . . 2 . . Garrison Access . | . . . . . . Terminal Hacks 17 | . 6 1 9 1 . Robot Analysis 2 | . 1 . 1 . . Prototype ID Bank 3 | . 2 . 1 . . Open Door 1 | . . 1 . . . Branch Access Points 2 | . 1 . 1 . . Unreport Threat 2 | . . . 2 . . Patrol Status 1 | . . . 1 . . Recall Investigation 1 | . . . . 1 . Recall Reinforcements 1 | . . . 1 . . Hauler Manifests 3 | . 1 . 2 . . Registered Components 1 | . 1 . . . . Fabricator Hacks . | . . . . . . Repair Station Hacks 4 | . 4 . . . . Scan Component 2 | . 2 . . . . Repair 2 | . 2 . . . . Recycling Unit Hacks . | . . . . . . Scanalyzer 2 | . . . 2 . . Insert Component 1 | . . . 1 . . Analyze 1 | . . . 1 . . Garrison Access Hacks . | . . . . . . Unauthorized Hacks 2 | . 1 . 1 . . Terminals 2 | . 1 . 1 . . Botnet 2 | . 1 . 1 . . Fabricators . | . . . . . . Repair Stations . | . . . . . . Recycling Units . | . . . . . . Scanalyzers . | . . . . . . Garrison Access . | . . . . . . Data Cores Recovered . | . . . . . . Used . | . . . . . . Hacking Detections 13 | . 5 . 7 1 . Full Trace Events 4 | . 1 . 3 . . Feedback Events 1 | . . . 1 . . Corruption 1 | . . . 1 . . Feedback Blocked . | . . . . . . Robot Schematics Acquired . | . . . . . . Robots Built . | . . . . . . Authchips . | . . . . . . Time . | . . . . . . Total Robot Build Rating . | . . . . . . Part Schematics Acquired 1 | . . . 1 . . Parts Built . | . . . . . . Authchips . | . . . . . . Time . | . . . . . . Total Part Build Rating . | . . . . . . Parts Repaired 2 | . 2 . . . . Time 79 | . 79 . . . . Parts Recycled . | . . . . . . Recycled Matter . | . . . . . . Retrieved Matter . | . . . . . . Retrieved Components . | . . . . . . Parts Scanalyzed 1 | . . . 1 . . Part Schematics Acquired 1 | . . . 1 . . Parts Damaged . | . . . . . . Bothacking | -11 -10 -10 -9 -9 -9 ------------ Run | Yrd Mat Min Mat Min Exi Used RIF Installer . | . . . . . . Robots Hacked . | . . . . . . Non-combat . | . . . . . . Combat . | . . . . . . Robot Hacks Applied . | . . . . . . Relay Couplers Released . | . . . . . . Fabnet Peak Effective % . | . . . . . . Robots Rewired . | . . . . . . Allies Hacked . | . . . . . . Hacks Repelled . | . . . . . . Allies | -11 -10 -10 -9 -9 -9 -------- Run | Yrd Mat Min Mat Min Exi Total Allies 1 | . . 1 . . . Largest Group 1 | . . 1 . . . Highest-Rated Group 31 | . . 31 . . . Highest-Rated Ally 31 | . . 31 . . . Total Orders . | . . . . . . Ally Attacks 12 | . . 12 . . . Total Damage 210 | . . 210 . . . Kills 3 | . . 3 . . . Allies Corrupted . | . . . . . . Allies Melted . | . . . . . . Intel | -11 -10 -10 -9 -9 -9 ------- Run | Yrd Mat Min Mat Min Exi Robot Analysis Total 2 | . 1 . 1 . . Derelict Logs Recovered 2 | . . 1 . 1 . Drone Launches . | . . . . . . Drone Recoveries . | . . . . . . Exploration | -11 -10 -10 -9 -9 -9 ------------- Run | Yrd Mat Min Mat Min Exi Turns Passed 8406 | 157 2091 1987 2822 1099 250 Spaces Moved 2918 | 95 793 582 986 398 64 Core 7 | 6 . . . . 1 Treads 2911 | 89 793 582 986 398 63 Legs . | . . . . . . Wheels . | . . . . . . Hover . | . . . . . . Flight . | . . . . . . Fastest Speed 50 | 50 160 320 225 250 233 Average Speed 253 | 155 229 320 242 250 266 Slowest Speed 1350 | 160 320 320 320 250 1350 Overloaded Moves . | . . . . . . Propulsion Burnouts . | . . . . . . Robots Hopped . | . . . . . . Cave-ins Triggered . | . . . . . . Exploration Rate (%) 61 | 4 98 96 96 62 12 Regions Visited 5 Branch Regions 3 Pre-discovered Areas 1 | . . . . 1 . Known Exits Taken 3 | . 1 1 1 . . Unknown Exits Taken 2 | 1 . . . 1 . Scrap Searched 5 | . . 3 . 2 . Spaces Dug 12 | . . 12 . . . Terrain Destroyed 174 | . 7 22 . 73 72 Melee . | . . . . . . Projectile 1 | . . 1 . . . AOE 173 | . 7 21 . 73 72 Terrain Rammed . | . . . . . . Walls Destroyed . | . . . . . . Machines Disabled . | . . . . . . Actions | -11 -10 -10 -9 -9 -9 --------- Run | Yrd Mat Min Mat Min Exi Total 3537 | 101 981 665 1255 440 95 Wait 236 | . 107 37 89 3 . Move 2913 | 94 792 581 985 397 64 Hop . | . . . . . . Pick Up 59 | 1 23 11 23 1 . Fast Attach 15 | 6 4 . 5 . . Attach 15 | . . 1 9 . 5 Detach 3 | . 2 . 1 . . Swap 24 | . 1 5 16 2 . Drop 45 | . 6 7 31 1 . Fire 182 | . 42 20 86 29 5 Melee . | . . . . . . Ram 1 | . . . . . 1 Kick . | . . . . . . Crush 44 | . 4 3 10 7 20 Escape Stasis . | . . . . . . Rewire . | . . . . . . Trap . | . . . . . . Miscellaneous . | . . . . . . Route ------- -11/Scrapyard -10/Materials (discovered 4 exits: *Mat x3 / *Min) -10/Mines (discovered 2 exits: *Mat x2) -9/Materials (discovered 5 exits: [*Mat x3] / *Min x2) -9/Mines -9/Exiles History --------- Turn | Location | Event 16 | -11/Scrapyard | Discovered new exit (range 15) 158 | -11/Scrapyard | Entered Materials 311 | -10/Materials | Build established: Mutant 535 | -10/Materials | Discovered new exit (range 11) 766 | -10/Materials | Discovered new exit (range 16) 899 | -10/Materials | Repaired Corrupted Imp. Heat Sink 926 | -10/Materials | Repaired Lgt. Treads 1265 | -10/Materials | Identified exit to Mines 1306 | -10/Materials | Discovered new exit (range 6) 1719 | -10/Materials | Discovered new exit (range 16) 2224 | -10/Materials | Central database locked down 2249 | -10/Materials | Entered Mines 2881 | -10/Mines | Discovered new exit (range 4) 2949 | -10/Mines | Identified exit to Materials 3018 | -10/Mines | Met a Derelict testing a Signal Generator 3809 | -10/Mines | Joined a pair of Derelicts in attacking an 0b10 outpost 4030 | -10/Mines | Learned Materials stockpile data 4034 | -10/Mines | Met a Derelict shopkeep closing up shop 4204 | -10/Mines | Discovered exit to Materials (range 7) 4236 | -10/Mines | Entered Materials 4236 | -9/Materials | Evolved 2 slots: Propulsion x1, Utility x1 5055 | -9/Materials | Identified exit to Mines 5179 | -9/Materials | Build established: Scavenger-Mutant 5278 | -9/Materials | Discovered new exit (range 11) 5869 | -9/Materials | Discovered new exit (range 4) 6625 | -9/Materials | Build established: Mutant 6823 | -9/Materials | Discovered new exit (range 16) 7058 | -9/Materials | Entered Mines 7082 | -9/Mines | Met a Derelict bent on vengeance 7135 | -9/Mines | Deemed a non-threat by the Exiles lab entrance 7135 | -9/Mines | Discovered new exit (range 5) 7172 | -9/Mines | Learned location of Storage (-8) 7836 | -9/Mines | Learned Materials stockpile data 7864 | -9/Mines | Found a hidden stash of uninstalled traps 8157 | -9/Mines | Entered Exiles 8245 | -9/Exiles | Met 8R-AWN 8285 | -9/Exiles | Attacked by the Exiles 8308 | -9/Exiles | Core integrity fell below 50% 8331 | -9/Exiles | Destroyed 7 combat bots 8395 | -9/Exiles | Core integrity fell below 20% 8407 | -9/Exiles | Destroyed by 8R-AWN with 8R-AWN's Boregun Last Messages --------------- 08385_ Slammed into 8R-AWN. 08390_ Penetrated by HV Slug. 08390_ HV Slug penetrates Earth. 08394_ The unstable cave ceiling collapses. 08394_ Penetrated by HV Slug. 08394_ Cooling System destroyed. 08394_ HV Slug penetrates Earth. 08394_ Penetrated by HV Slug. 08394_ HV Slug penetrates Earth. 08399_ Penetrated by HV Slug. 08399_ HV Slug penetrates Earth. 08399_ Penetrated by HV Slug. 08399_ HV Slug penetrates Earth. 08401_ The unstable cave ceiling collapses. 08403_ HV Slug penetrates Earth. 08403_ Penetrated by HV Slug. 08403_ HV Slug penetrates Earth. 08407_ Penetrated by HV Slug. 08407_ HV Slug penetrates Earth. 08407_ Penetrated by HV Slug. Map ----- +----------------------------------------------------+ | ?????????????????????????????????????????????????? | | ?????????????????????????????????????????????????? | | ?????????????????????????????????????????????????? | | ?????????????????????????????????????????????????? | | ?????????????????????????????????????????????????? | | ?????????????????????????????????????????????????? | | ?????????????????????????????????????????????????? | | ?????????????????????????????????????????????????? | | ?????????????????????????????????????????????????? | | ?????????????????????????????????????????????????? | | ?????????????????????????????????????????????????? | | ?????????????????????????????????????????????????? | | ?????????????????????????#???????????????????????? | | ????????????????????????? ???????????????????????? | | ????????????????????????? ???????????????????????? | | ????????????????????????? ???????????????????????? | | ????????????????????????? ???????????????????????? | | ????????????????????????# #??????????????????????? | | ????????????????????????# #??????????????????????? | | ?????????????????????#### #????????????????????? ? | | ??????????????????##?# ## ##???????????????????? | | ??????????????????# ## ## #####???????????????# | | ???????????????????# # # ## #??????????????# | | ????????????????????# # # #####?????????# | | ????????????????????# ## ## # #?????????# | | ???????????????????## #@ ####????????## | | ???????????????????# # #?????## | | ???????????????????##### g ########?????# | | ???????????????????## #???????### # | | ???????????????????# ######### # | | ???????????????????# # """"## #? | | ??????????????????# %= * ## | | ????????????? * # | | ????????? # | | ????????? ## #;## | | ???????? "#;# # ;; ##### * | | ????????? ##;### # # ## #????##### | | ????????? ## #??? ?#####? ????????### | | ????????? #?##????#???????? #?????????### | | ?????????? ""?????????????????# ???????????### | | ?????????? "??????????????????? ???????????#" | | ???????????"""?????????????????????? #??????????## | | ???????????????????????????????????? #???????????? | | ?????????????????????????????????????#???????????? | | ?????????????????????????????????????????????????? | | ?????????????????????????????????????????????????? | | ?????????????????????????????????????????????????? | | ?????????????????????????????????????????????????? | | ?????????????????????????????????????????????????? | | ?????????????????????????????????????????????????? | +----------------------------------------------------+ Best States ------------- Heat Dissipation 50 Energy Generation 14 Energy Capacity 250 Matter Stores 300 Matter Capacity 300 Sight Range 16 Terrain Scan Density 10 Armor Coverage 150 Resistance: KI 20 Evasion (%) 40 Recoil Reduction 3 Item Schematics ----------------- Cryofiber Web | -9/Materials | Scanalyzed Robot Schematics ------------------ None Fabricated ------------ Nothing Alien Tech Used ----------------- None Achievements -------------- None Challenges ------------ None Game ------ Seed MissileNeutronDoomcannon Manual? 0 Play Time 01:07:42 Cumulative 59.7 hours Start 2025.01.02 @ 23:42:09 End 2025.01.03 @ 01:46:31 Sessions 1 Manual Loads 0 Difficulty Rogue Special Mode None Game No. 41 Rogue 41 Adventurer 0 Explorer 0 Win Type - Total 0 Types 0/0/0/0/0/0/0/0/0 Lore% 25 Gallery% 31 Achievement% 31 Wizard Run 0 Options --------- Layout 0 ASCII 0 Keyboard 1 Movement Arrows Keybinds 0 Fullscreen 2 Font 18/Terminus Map View 76x50 Zoom Use 0% Tactical HUD 1 Map Filters NONE Filters NONE Steam 1 RUN: 5628bbc0-05b7-46a2-96cd-3bcefa395195